 Dungeon Crawl Stone Soup version 0.30-a0-557-ge2afbf3030 (webtiles) character file.

Game seed: 4975841340977808623

7 sokol815 the Sneak (level 2, 0/19 HPs)
             Began as a Kobold Delver on Dec 27, 2022.
             Slain by a phantom (2 damage)
             ... on level 3 of the Dungeon.
             The game lasted 00:03:03 (441 turns).

sokol815 the Sneak (Kobold Delver)                   Turns: 441, Time: 00:03:04

Health: 0/19       AC:  3    Str:  9    XL:     2   Next: 5%
Magic:  2/2        EV: 14    Int: 11    God:
Gold:   29         SH:  0    Dex: 16    Spells: 1/1 levels left

rFire   . . .      SeeInvis .    a - +0 short sword
rCold   . . .      Faith    .    (no shield)
rNeg    . . .      Spirit   .    b - +0 leather armour
rPois   +          Reflect  .    (no helmet)
rElec   .          Harm     .    (no cloak)
rCorr   .          Rampage  .    (no gloves)
Will    .....                    (no boots)
Stlth   ++++                     h - amulet of the acrobat
HPRegen 0.23/turn                P - ring of poison resistance {rPois, !d}
MPRegen 0.08/turn                (no ring)

@: hasted (expiring), very quick
A: small, no large weapons, nightstalker 3
a: no special abilities


You were on level 3 of the Dungeon.
You visited 1 branch of the dungeon, and saw 3 of its levels.

You collected 29 gold pieces.

Inventory:

Hand Weapons
 a - a +0 short sword (weapon)
Missiles
 s - 10 stones
Armour
 b - a +0 leather armour (worn)
Jewellery
 h - an amulet of the acrobat (around neck)
   (You found it on level 4 of the Dungeon)
 P - a ring of poison resistance (left hand) {rPois, !d}
   (You found it on level 4 of the Dungeon)
Wands
 d - a wand of digging (3)
Scrolls
 c - a scroll of fog
 e - 3 scrolls of identify {unknown}
 j - a scroll of noise {unknown}
 E - a scroll of fear
 X - a scroll of magic mapping {@r4!r}
Potions
 f - a potion of heal wounds {unknown}
 g - a potion of curing {unknown}
 i - a potion of might {unknown}


   Skills:
 - Level 3.2 Fighting
 + Level 3.6 Short Blades
 - Level 2.4 Dodging
 - Level 6.6 Stealth


You had one spell level left.
You didn't know any spells.
Your spell library was empty.

Dungeon Overview and Level Annotations

Branches:
Dungeon (5/15) Zot: 17585
 Temple: D:4-7

Altars:
Trog

Annotations:
D:4 exclusion: scorpion


Innate Abilities, Weirdness & Mutations

You are small and have problems with some larger weapons.
You are completely attuned to the shadows.


Message History

s - 13 stones (gained 5)
You open the door.
j - a scroll labelled ETONIA PEDA You open the door.
There is an open door here.
A goblin comes into view. It is wielding a +0 club.
You throw a stone. The stone hits the goblin.
The goblin shouts!
You throw a stone. The stone barely misses the goblin.
You throw a stone.
The stone hits the goblin but does no damage.
You closely miss the goblin. The goblin barely misses you.
Clearing quiver.
You closely miss the goblin. The goblin barely misses you.
You hit the goblin.
You kill the goblin!
You have reached level 2!
Health restored: 19; MP restored: 2 You open the door.
There is an open door here.
You open the door.
There is an open door here.
Found two stone staircases leading up.
A phantom comes into view.
You closely miss the phantom. The phantom closely misses you.
You hit the phantom.
You punch the phantom, but do no damage.
The phantom closely misses you.
You closely miss the phantom. You hit the phantom.
The phantom hits you but does no damage.
You closely miss the phantom. The phantom hits you.
The phantom blinks!
You blink.
You take 4 damage, and have 15/19 hp.
MASSIVE DAMAGE!!
A hound comes into view.
The hound barks!
There is a stone staircase leading up here.
The phantom hits you but does no damage.
You climb upwards.
Found a stone staircase leading down.
There is a stone staircase leading down here.
You hit the phantom but do no damage. The phantom closely misses you.
You closely miss the phantom. The phantom misses you.
You hit the phantom but do no damage. You hit the phantom.
The phantom hits you but does no damage.
You closely miss the phantom. The phantom hits you.
The phantom blinks!
You blink.
You hit the phantom. The phantom hits you.
You take 6 damage, and have 11/19 hp.
MASSIVE DAMAGE!!
You are too injured to fight recklessly!
You are too injured to fight recklessly!
Unknown command.
You are too injured to fight recklessly!
Unknown command.
You are too injured to fight recklessly!
Unknown command.
You are too injured to fight recklessly!
Unknown command.
You are too injured to fight recklessly!
Unknown command.
You hit the phantom but do no damage. The phantom misses you.
You hit the phantom. The phantom barely misses you.
You barely miss the phantom. You hit the phantom. The phantom hits you.
You take 4 damage, and have 7/19 hp.
MASSIVE DAMAGE!!
Okay, then.
You can't see any enemies this would affect, really read the scroll of fear?
Okay, then.
Okay, then.
You feel yourself speed up. The phantom hits you.
* * * LOW HITPOINT WARNING * * *
You take 3 damage, and have 4/19 hp.
Found a bloodstained altar of Trog.
Flames erupt from the bowels of the wizard!
Trog roars with satisfaction!
The wizard is engulfed in blazing flames.
You catch the helpless phantom completely off-guard!
You puncture the phantom! The phantom hits you.
You take 2 damage, and have 9/19 hp.
You hit the phantom but do no damage. The phantom hits you!
* * * LOW HITPOINT WARNING * * *
The phantom blinks!
You blink.
You take 7 damage, and have 2/19 hp.
MASSIVE DAMAGE!!
You hit the phantom but do no damage.
Your extra speed is starting to run out.
You miss the phantom. The phantom hits you.
* * * LOW HITPOINT WARNING * * *
The phantom blinks!
You blink.
You take 1 damage, and have 1/19 hp.
You hit the phantom. You hit the phantom but do no damage.
The phantom completely misses you.
You barely miss the phantom. You closely miss the phantom.
The phantom hits you.
You die...

######### #.......#
#.###..@######
#.#.#._W...§.##########
#.###...####..........#
#.......# ##§#######.#
######### #§# #.## ...
#... ##..# #### #..#


You could see a phantom.

Vanquished Creatures
  A goblin (D:4)
  A hobgoblin (D:4)
  3 jackals (D:4)
5 creatures vanquished.

Vanquished Creatures (others)
  A wizard (D:3)
1 creature vanquished.

Grand Total: 6 creatures vanquished

Notes
Turn   | Place    | Note
-------+----------+-------------------------------------------
     0 | D:5      | sokol815 the Kobold Delver began the quest for the Orb.
     0 | D:5      | Reached XP level 1. HP: 14/14 MP: 1/1
    20 | D:4      | Noticed a scorpion
   210 | D:4      | Reached skill level 3 in Short Blades
   321 | D:4      | Reached XP level 2. HP: 19/19 MP: 2/2
   364 | D:4      | Noticed a phantom
   387 | D:3      | HP: 4/19 [phantom (4)]
   406 | D:3      | Found a bloodstained altar of Trog.
   409 | D:3      | Noticed a wizard
   420 | D:3      | Killed a wizard
   435 | D:3      | HP: 2/19 [phantom (7)]
   441 | D:3      | Slain by a phantom

Illustrated notes

Levels and vault maps discovered:
D:3:      layout_loops_ring, trog_wizard,
          shapermc_ecumenical_altar_starsandcircs, uniq_sigmund, uniq_grinder,
          uniq_jessica
D:4:      layout_basic, hangedman_abyss_or_decor_lesser_grid,
          kennysheep_decorative_pillar
D:5:      layout_basic, minmay_temple_entry_arrows, gammafunk_ghost_grave,
          uniq_prince_ribbit1

Skill      XL: |  1 |
---------------+----+-----
Short Blades   | 3 |  3.6
Fighting       | |  3.2
Dodging        | |  2.4
Stealth        | |  6.6

Action                   || total
-------------------------++-------
Melee: Short sword       ||    59
       Punch             ||     1
Throw: Stone             ||     3
  Use: Potion            ||     1
 Stab: Distracted        ||     1
Armor: Leather armour    ||     9
Dodge: Dodged            ||    35

Table legend: (Time is in decaauts)
 A = Elapsed time spent in this place.
 B = Non-inter-level travel time spent in this place.
 C = Inter-level travel time spent in this place.
 D = Time resting spent in this place.
 E = Time spent auto-exploring this place.
 F = Levels seen in this place.
 G = Mean time per level.
                   A        B        C        D        E       F      G
               +--------+--------+--------+--------+--------+-----+--------+
         Total |    414 |    414 |      0 |      0 |    149 |   3 |  138.0 |
       Dungeon |    414 |    414 |      0 |      0 |    149 |   3 |  138.0 |
               +--------+--------+--------+--------+--------+-----+--------+

Top non-repeatable levels by time:
     D:4: 365 daAuts
     D:3: 45 daAuts
     D:5: 4 daAuts

Table legend:
 A = Kills in this place as a percentage of kills in entire the game.
 B = Kills by you in this place as a percentage of kills by you in the entire game.
 C = Kills by friends in this place as a percentage of kills by friends in the entire game.
 D = Other kills in this place as a percentage of other kills in the entire game.
 E = Experience gained in this place as a percentage of experience gained in the entire game.
 F = Experience gained in this place divided by the number of levels of this place that you have seen.
                   A       B       C       D       E      F
               +-------+-------+-------+-------+-------+----------------------
         Total | 100.0 | 100.0 |   N/A |   N/A | 100.0 |   3.3
       Dungeon | 100.0 | 100.0 |   N/A |   N/A | 100.0 |   3.3
               +-------+-------+-------+-------+-------+----------------------
